 Dungeon Crawl Stone Soup version 0.31-a0-198-g2ad674f65e (webtiles) character file.

Game seed: 14869170068925538309

91 qw the Shooter (level 4, -3/25 HPs)
             Began as a Deep Elf Hunter on June 25, 2023.
             Slain by a gnoll
             ... wielding a +0 spear
              (6 damage)
             ... on level 6 of the Dungeon.
             The game lasted 00:00:34 (1714 turns).

qw the Shooter (Deep Elf Hunter)                    Turns: 1714, Time: 00:00:34

Health: -3/25      AC:  5    Str: 10    XL:     4   Next: 33%
Magic:  6/6        EV: 11    Int: 14    God:
Gold:   52         SH:  0    Dex: 18    Spells: 3/3 levels left

rFire   . . .        Y - +0 shortbow
rCold   . . .        (shield currently unavailable)
rNeg    . . .        d - +0 ring mail
rPois   .            (no helmet)
rElec   .            (no cloak)
rCorr   .            (no gloves)
SInv    .            (no boots)
Will    .....        (no amulet)
Stlth   +            (no ring)
HPRegen 0.24/turn    (no ring)
MPRegen 0.10/turn

%: no passive effects
@: no status effects
A: no striking features
a: no special abilities


You were on level 6 of the Dungeon.
You visited 1 branch of the dungeon, and saw 4 of its levels.

You collected 52 gold pieces.


   Skills:
 - Level 1.5 Fighting
 + Level 7.7 Ranged Weapons
 - Level 2.4 Dodging
 - Level 1.2 Stealth


You had 3 spell levels left.
You didn't know any spells.
Your spell library was empty.

Inventory:

Hand Weapons
 Y - a +0 shortbow (weapon)
Armour
 d - a +0 ring mail (worn)
Scrolls
 g - 2 scrolls of identify
Potions
 b - a potion of curing
 e - a potion of mutation

Dungeon Overview and Level Annotations

Branches:
Dungeon (6/15)
 Temple: D:4-7

Altars:


Message History

Found a stone staircase leading down.
The black bear growls angrily.
You hear a shout!
A gnoll comes into view. It is wielding a +0 club. x2
You hear a shout!
You shoot an arrow. The gnoll shouts! x2
The arrow hits the black bear!
The black bear is moderately wounded.
You hear a shout!
A gnoll comes into view. It is wielding a +0 spear.
The gnoll shouts!
You hear an angry hiss.
You shoot an arrow. The arrow hits the gnoll!
The gnoll is severely wounded.
You shoot an arrow. The arrow hits the gnoll.
The gnoll is moderately wounded.
You shoot an arrow. The arrow hits the gnoll!
You kill the gnoll!
You shoot an arrow. The arrow hits the gnoll.
The gnoll is heavily wounded.
An orc comes into view. It is wielding a +0 hand axe.
You shoot an arrow. The arrow hits the orc!
You kill the orc!
You shoot an arrow. The arrow hits the black bear.
The black bear is moderately wounded.
You hear an angry hiss.
An orc wizard comes into view. It is wielding a +0 dagger.
The black bear bites you.
The black bear claws you but does no damage.
The black bear claws you. The gnoll misses you.
You shoot an arrow. The arrow hits the gnoll.
The gnoll is severely wounded.
The gnoll hits you but does no damage.
The gnoll hits you from afar with a +0 spear.
The black bear bites you. The black bear claws you.
The black bear claws you but does no damage.
You shoot an arrow. The arrow barely misses the gnoll.
The black bear bites you. The black bear closely misses you.
The black bear claws you. The gnoll hits you with a +0 club.
The gnoll hits you from afar with a +0 spear.
You die...

...
..........
...
.........
..
....^....
..)........
.#........
)og......
#hg.....>
#@####
#....##
##....#
#....#
#...##
#....#
#....#
.....##
#.#####


You could see a black bear, an orc wizard and 2 gnolls.

Vanquished Creatures
  A gnoll (D:6)
  2 adders (D:2)
  2 dart slugs
  An orc (D:6)
  2 endoplasms
  7 goblins
  10 hobgoblins
  7 jackals
  6 ball pythons
  5 bats
  A frilled lizard (D:1)
  4 kobolds
  6 rats
54 creatures vanquished.

Notes
Turn   | Place    | Note
-------+----------+-------------------------------------------
     0 | D:1      | qw the Deep Elf Hunter began the quest for the Orb.
     0 | D:1      | Reached XP level 1. HP: 12/12 MP: 3/3
     0 | D:1      | 0 ||| qw: Version: 0.3-a-22-g0ed2b0b
     0 | D:1      | 0 ||| qw: Game counter: 5127
     0 | D:1      | 0 ||| qw: Melee chars always use a shield: true
     0 | D:1      | 0 ||| qw: God list: Okawaru
     0 | D:1      | 0 ||| qw: Allow faded altars: false
     0 | D:1      | 0 ||| qw: Do Orc after clearing Dungeon:15 true
     0 | D:1      | 0 ||| qw: Do second Lair branch before Depths: true
     0 | D:1      | 0 ||| qw: Lair rune preference: random
     0 | D:1      | 0 ||| qw: Goals: Normal
     0 | D:1      | 0 ||| PLANNING D:1-11
    55 | D:1      | Reached XP level 2. HP: 16/16 MP: 4/4
    67 | D:1      | Reached skill level 6 in Ranged Weapons
   725 | D:1      | 725 ||| UPGRADING to +0 ring mail.
   735 | D:1      | 735 ||| DROPPING +0 leather armour.
   736 | D:1      | 736 ||| READING scroll labelled DEPNATT WOGRU.
   737 | D:1      | 737 ||| READING 2 scrolls labelled JEOGOSUXYG.
   738 | D:1      | 738 ||| DROPPING scroll of butterflies.
   830 | D:2      | Reached XP level 3. HP: 20/20 MP: 5/5
   980 | D:2      | Reached skill level 7 in Ranged Weapons
  1550 | D:2      | Reached XP level 4. HP: 25/25 MP: 6/6
  1574 | D:2      | 1574 ||| READING scroll labelled ZUJUMPESAA.
  1579 | D:2      | 1579 ||| READING 4 scrolls of identify.
  1579 | D:2      | 1579 ||| IDENTIFYING cyan potion
  1580 | D:2      | 1580 ||| READING 3 scrolls of identify.
  1580 | D:2      | 1580 ||| IDENTIFYING coppery potion
  1598 | D:3      | Found a faded altar of an unknown god.
  1698 | D:3      | You fall into a shaft and drop 3 floors!
  1705 | D:6      | Noticed a black bear
  1714 | D:6      | HP: 6/25 [black bear (3)]
  1714 | D:6      | Slain by a gnoll

Levels and vault maps discovered:
D:1:      dpeg_arrival_rooms_with_view, layout_basic
D:2:      layout_loops_corners, minmay_misc_feat_iff, minmay_pentomino_pile
D:3:      layout_loops_corners, basic_ecumenical_altar, hangedman_decor_opposing
D:6:      layout_rooms, kennysheep_nub, uniq_pikel, uniq_duvessa,
          uniq_blork_the_orc, uniq_edmund

Skill      XL: |  1  2  3 |
---------------+----------+-----
Ranged Weapons | 6 7 |  7.7
Fighting       | |  1.5
Dodging        | |  2.4
Stealth        | |  1.2

Action                     |  1- 3 |  4- 6 || total
---------------------------+-------+-------++-------
   Fire: Shortbow          |    97 |    27 ||   124
    Use: Scroll            |     2 |     3 ||     5
 Armour: Leather armour    |     5 |       ||     5
         Ring mail         |     2 |    11 ||    13
  Dodge: Dodged            |    13 |    13 ||    26

Table legend:
 A = Non-vault XP
 B = Vault XP
 C = Vault XP percentage of total XP
 D = Non-vault monster count
 E = Vault monster count
 F = Vault count percentage of total count
                 A         B        C        D         E       F
            +---------+---------+-------+---------+---------+-------
      Total |     122 |       8 |   6.2 |      49 |       5 |   9.3
            +---------+---------+-------+---------+---------+-------
        D:1 |      34 |       4 |  10.5 |      21 |       2 |   8.7
        D:2 |      61 |       4 |   6.2 |      21 |       3 |  12.5
        D:3 |       9 |       0 |   0.0 |       5 |       0 |   0.0
        D:6 |      18 |       0 |   0.0 |       2 |       0 |   0.0
            +---------+---------+-------+---------+---------+-------
